 Dungeon Crawl Stone Soup version 0.29-a0-813-g4a14ea37d6 (webtiles) character file.

Game seed: 7087022924075494410

100 polve the Chopper (level 4, 0/33 HPs)
             Began as a Demonspawn Gladiator on July 4, 2022.
             Slain by an orc wizard
             ... wielding a +0 dagger
              (1 damage)
             ... on level 3 of the Dungeon.
             The game lasted 00:01:20 (2280 turns).

polve the Chopper (Demonspawn Gladiator)            Turns: 2280, Time: 00:01:20

Health: 0/33       AC:  4    Str: 17    XL:     4   Next: 46%
Magic:  4/4        EV: 12    Int:  9    God:
Gold:   60         SH:  0    Dex: 14    Spells: 3/3 levels left

rFire   . . .      SeeInvis .   a - +0 war axe
rCold   . . .      Faith    .   (no shield)
rNeg    . . .      Spirit   .   b - +0 leather armour
rPois   .          Reflect  .   (helmet restricted)
rElec   .          Harm     .   (no cloak)
rCorr   .          Rampage  .   (no gloves)
Will    .....                   (no boots)
Stlth   +.........              (no amulet)
HPRegen 0.11/turn               (no ring)
MPRegen 0.09/turn               (no ring)

@: confused
A: sharp scales 1, condensation shield, weakness stinger 1, antennae 1, talons 1
a: no special abilities


You were on level 3 of the Dungeon.
You visited 1 branch of the dungeon, and saw 3 of its levels.

You collected 60 gold pieces.

Inventory:

Hand Weapons
 a - a +0 war axe (weapon)
Missiles
 d - 3 throwing nets (quivered)
 e - a javelin
Armour
 b - a +0 leather armour (worn)
 c - a +0 helmet
Jewellery
 i - a ring of positive energy
 p - an amulet of magic regeneration
Scrolls
 f - a scroll of fear {unknown}
 g - a scroll of teleportation {unknown}
 h - 2 scrolls of identify {unknown}
 m - a scroll of blinking {unknown}
 n - a scroll of magic mapping {unknown}
 o - a scroll of enchant armour {unknown}
Potions
 k - a potion of curing {unknown}
 l - a potion of heal wounds {unknown}


   Skills:
 - Level 2.0 Fighting
 + Level 4.8 Axes
 - Level 1.7 Throwing
 - Level 2.6 Dodging


You had 3 spell levels left.
You didn't know any spells.
Your spell library was empty.

Dungeon Overview and Level Annotations

Branches:
Dungeon (3/15)

Altars:


Innate Abilities, Weirdness & Mutations

You are partially covered in razor-sharp scales. (AC +1, Slay +1)
A meltable shield of frost defends you. (SH +0)
You have a small tail.
You have a pair of small antennae on your head.
You have sharp toenails.


Message History

The orc wizard points at you and mumbles some strange words.
The puff of flame hits you!
Your condensation shield dissipates!
The hobgoblin closely misses you. The orc barely misses you.
You barely miss something. You hit the hobgoblin but do no damage.
You slash the orc!
You kill the orc!
You hit the plant.
The hobgoblin hits you but does no damage.
Something hits you but does no damage.
You hit something.
Your tail-slap misses something.
You hit the plant. You barely miss the hobgoblin.
You hit the orc wizard but do no damage.
A nearby plant withers and dies.
The hobgoblin closely misses you. The orc wizard closely misses you.
The orc hits the plant with a +0 club.
The plant begins to die.
Something hits you.
The hobgoblin splashes around in the water.
You hit something. You hit the hobgoblin.
You kill the hobgoblin!
You closely miss the orc wizard.
The orc hits the plant with a +0 club.
The orc wizard casts a spell at you. The puff of flame hits you!
* * * LOW HITPOINT WARNING * * *
You hear some strange, mumbled words.
You are confused.
The orc wizard hits you but does no damage.
You hear some strange, mumbled words.
Something tries to affect you, but you resist.
The orc hits the plant with a +0 club.
It was a potion of mutation.
You feel extremely strange.
Your toenails lengthen and sharpen.
A pair of antennae grows on your head!
Your +0 helmet falls away!
The orc wizard hits you with a +0 dagger.
* * * LOW HITPOINT WARNING * * *
The orc hits the plant with a +0 club.
Something hits you.
* * * LOW HITPOINT WARNING * * *
It was a potion of magic.
Magic courses through your body.
A nearby plant withers and dies.
The orc wizard hits you with a +0 dagger.
You die...

##.#........# .#
##..P..♣.....##.#
#..≈≈≈≈≈≈≈≈P.##.#
#.P≈≈≈.≈≈≈≈≈.[#.#
#P.≈.≈≈≈≈≈≈≈..#.#
#♣≈.≈≈≈≈≈≈.†..#.#
#...P≈≈≈.≈≈♣....#
♣≈≈≈†≈≈≈P..#..#####
....♣.o@...###......#
.....o{#.####<..###.(..
......o#......#.######.
.......##.##..#>....#
....... .##..#.###.#..#
....... .##..#........#
....... ##########..#.#
....... #


You could see an orc wizard and 2 orcs.

Vanquished Creatures
  Jessica (D:2)
  Robin (D:2)
  2 dart slugs
  An orc (D:3)
  2 endoplasms
  2 giant cockroaches
  10 goblins
  10 hobgoblins
  3 kobolds
  A quokka (D:2)
  8 ball pythons
  8 bats
  A frilled lizard (D:2)
  3 rats
53 creatures vanquished.

Vanquished Creatures (others)
  3 plants (D:3)
3 creatures vanquished.

Grand Total: 56 creatures vanquished

Notes
Turn   | Place    | Note
-------+----------+-------------------------------------------
     0 | D:1      | polve the Demonspawn Gladiator began the quest for the Orb.
     0 | D:1      | Reached XP level 1. HP: 16/16 MP: 1/1
   213 | D:1      | Reached skill level 3 in Axes
   251 | D:1      | Gained mutation: You are partially covered in razor-sharp
                  | scales. (AC +1, Slay +1) [demonic ancestry]
   251 | D:1      | Reached XP level 2. HP: 22/22 MP: 2/2
  1258 | D:2      | Gained mutation: You have a small tail. [demonic ancestry]
  1258 | D:2      | Reached XP level 3. HP: 22/27 MP: 3/3
  1375 | D:2      | Noticed Robin
  1385 | D:2      | Reached skill level 4 in Axes
  1390 | D:2      | Killed Robin
  1611 | D:2      | Identified the +1 ring mail of Pathos {Int+6}
  1813 | D:2      | Noticed Jessica
  1819 | D:2      | Killed Jessica
  1820 | D:2      | Gained mutation: A meltable shield of frost defends you.
                  | (SH +0) [demonic ancestry]
  1820 | D:2      | Reached XP level 4. HP: 25/33 MP: 4/4
  2279 | D:3      | Gained mutation: You have sharp toenails. [potion of
                  | mutation]
  2279 | D:3      | Gained mutation: You have a pair of small antennae on your
                  | head. [potion of mutation]
  2279 | D:3      | HP: 1/33 [something (1)]
  2280 | D:3      | Slain by an orc wizard

Illustrated notes

Levels and vault maps discovered:
D:1:      minmay_arrival_floating_metal, layout_basic
D:2:      layout_loops_cross, roderic_cross_of_infinity, uniq_robin,
          uniq_jessica
D:3:      layout_basic, serial_bayou, serial_bayou_pond_d, serial_bayou_pond_b,
          serial_bayou_pond_d, serial_bayou_shore_a, serial_shops,
          nicolae_lakefront_shop, glass_columns_b

Skill      XL: |  1  2  3 |
---------------+----------+-----
Axes           | 3 4 |  4.8
Fighting       | |  2.0
Throwing       | |  1.7
Dodging        | |  2.6

Action                   |  1- 3 |  4- 6 || total
-------------------------+-------+-------++-------
Melee: War axe           |    76 |    19 ||    95
       Tailslap          |     1 |     1 ||     2
  Use: Potion            |     1 |     2 ||     3
 Stab: Sleeping          |     1 |       ||     1
Armor: Leather armour    |    31 |     7 ||    38
       Skin              |    38 |       ||    38
Dodge: Dodged            |    47 |    13 ||    60

Table legend: (Time is in decaauts)
 A = Elapsed time spent in this place.
 B = Non-inter-level travel time spent in this place.
 C = Inter-level travel time spent in this place.
 D = Time resting spent in this place.
 E = Time spent auto-exploring this place.
 F = Levels seen in this place.
 G = Mean time per level.
                   A        B        C        D        E       F      G
               +--------+--------+--------+--------+--------+-----+--------+
         Total |   2328 |   2236 |     92 |    190 |   1776 |   3 |  776.0 |
       Dungeon |   2328 |   2236 |     92 |    190 |   1776 |   3 |  776.0 |
               +--------+--------+--------+--------+--------+-----+--------+

Top non-repeatable levels by time:
     D:1: 1178 daAuts
     D:2: 1113 daAuts
     D:3: 36 daAuts
